 Dungeon Crawl Stone Soup version 0.17-a0-1614-g2062e81 (webtiles) character file.

72 Oddball22 the Sneak (level 4, 0/31 HPs)
             Began as a Spriggan Artificer on Aug 1, 2015.
             Succumbed to Crazy Yiuf's poison
             ... on level 2 of the Dungeon.
             The game lasted 00:04:43 (2257 turns).

Oddball22 the Sneak (Spriggan Artificer)            Turns: 2257, Time: 00:04:43

Health: 0/31       AC: 22    Str: 12      XL:     4   Next: 7%
Magic:  8/8        EV:  4    Int: 11 (13) God:
Gold:   85         SH:  0    Dex: 17      Spells: 0 memorised, 3 levels left

rFire  . . .     SeeInvis +     a - +0 short sword
rCold  . . .     Clarity  .     (armour currently unavailable)
rNeg   + + +     SustAt   .     (shield restricted)
rPois  +         Gourm    .     (helmet currently unavailable)
rElec  .         Spirit   .     (cloak currently unavailable)
rCorr  .         Warding  .     (gloves unavailable)
rMut   .         NoTele   +     (boots unavailable)
MR     .....                    (no amulet)
Stlth  ++++......               (no ring)
                                (no ring)

@: mighty, lethally poisoned (0 -> -12), tree-form, not resistant to hostile
enchantments, stealthy
A: unfitting armour, see invisible, herbivore 3, (speed 0), slow metabolism 2
a: no special abilities


You were on level 2 of the Dungeon.
You were not hungry.
You were a tree.
You visited 1 branch of the dungeon, and saw 2 of its levels.

You collected 85 gold pieces.

Inventory:

Hand weapons
 a - a +0 short sword (weapon)
 g - a +2 quarterstaff of chaos
Missiles
 i - 26 poisoned needles
Armour
 b - a +0 robe (melded)
 m - a +0 cloak
Magical devices
 c - a wand of flame (3)
 d - a wand of enslavement (15)
 e - a wand of random effects (15)
Scrolls
 h - a scroll of random uselessness
 j - 2 scrolls of blinking {unknown}
 k - a scroll of teleportation {unknown}
 l - 2 scrolls of identify {unknown}
 n - a scroll of magic mapping {unknown}
 o - a scroll of amnesia {unknown}
Comestibles
 f - 2 bread rations


   Skills:
 - Level 0.7 Fighting
 - Level 1.1 Short Blades
 - Level 3.0 Dodging
 * Level 5.1 Stealth
 + Level 5.0 Evocations


You had 3 spell levels left.
You didn't know any spells.

Dungeon Overview and Level Annotations

Branches:
Dungeon (2/15)

Altars:
Trog


Innate Abilities, Weirdness & Mutations

You are tiny and cannot use many weapons and most armour.
You have supernaturally acute eyesight.
You are a herbivore.
((You cover ground extremely quickly.))
You need consume almost no food.


Message History

You feel sick.
Drink which item? (? for menu, Esc to quit)
It was a potion of might.
You feel very mighty all of a sudden.
* * * LOW HITPOINT WARNING * * *
You feel sick.
g - a quarterstaff of chaos;
m - a cloak
* * * LOW HITPOINT WARNING * * *
You feel sick.
You don't know any spells.
You don't know any spells.
Sorry, you're not good enough to have a special ability.
As you read the scroll labeled MEDYOT UTTOID, it crumbles to dust.
You experience a momentary feeling of inescapable doom!
It was a scroll of random uselessness.
* * * LOW HITPOINT WARNING * * *
You feel sick.
There is a lethal amount of poison in your body!
There is a lethal amount of poison in your body!
You die...

#r## ..... #######.....
.......#.... ..........#
........## .........##
♣♣♣♣♣## .#.....#..# ####
♣♣♣.♣...### ..........#
#...#♣..♣..P...##
....†....##
#...♣.♣♣♣♣P.....#
†..##.....# #)..#♣♣ ♣♣..#..#
.#..#....## #### ♣♣###.#
###.......# #..# ....#..#..#
#.## ....#.##..##########
#.#
...................#######.#
........#..................#
....#.#.......#....#########


There were no monsters in sight!

Vanquished Creatures
  Crazy Yiuf (D:2)
  An adder (D:2)
  An ooze (D:1)
  A giant gecko (D:2)
  4 giant cockroaches
  7 goblins (D:1)
  5 hobgoblins
  A ball python (D:2)
  2 bats (D:1)
  A giant newt (D:2)
  2 kobolds (D:2)
  4 rats
30 creatures vanquished.

Notes
Turn   | Place    | Note
--------------------------------------------------------------
     0 | D:1      | Oddball22 the Spriggan Artificer began the quest for the Orb.
     0 | D:1      | Reached XP level 1. HP: 9/9 MP: 4/4
   396 | D:1      | Reached XP level 2. HP: 14/14 MP: 6/6
  1668 | D:2      | Reached XP level 3. HP: 17/17 MP: 7/7
  1820 | D:2      | Found a bloodstained altar of Trog.
  2234 | D:2      | Noticed Crazy Yiuf
  2241 | D:2      | Paralysed by Crazy Yiuf for 5 turns
  2250 | D:2      | Killed Crazy Yiuf
  2250 | D:2      | Reached skill level 5 in Stealth
  2250 | D:2      | Reached skill level 5 in Evocations
  2250 | D:2      | Reached XP level 4. HP: 8/21 MP: 8/8
  2256 | D:2      | HP: 1/31 [poisoned by Crazy Yiuf]
  2257 | D:2      | Succumbed to Crazy Yiuf's poison

Vault maps used:
D:1:      lightli_arrival_isolated_outpost,
          hangedman_abyss_or_decor_lesser_grid, serial_bayou_pond_a,
          minmay_misc_feat_room
D:2:      overflow_temple_1_default, nicolae_overflow_hidden_temple,
          first_bread, uniq_crazy_yiuf_cottage

Action                   |  1- 3 |  4- 6 || total
-------------------------+-------+-------++-------
Melee: Short sword       |   113 |       ||   113
Evoke: Wand              |    11 |     1 ||    12
  Use: Potion            |       |     3 ||     3
       Scroll            |       |     1 ||     1
 Stab: Sleeping          |     6 |       ||     6
